 Dungeon Crawl Stone Soup version 0.14.0-26-g1682e81 (webtiles) character file.

23100 Heini the Severer (level 12, -5/115 HPs)
             Began as a Hill Orc Fighter on Apr 28, 2014.
             Was a High Priest of Okawaru.
             Slain by an orc warlord
             ... wielding a +1,+4 great sword of slicing
              (9 damage)
             ... on Level 2 of the Orcish Mines.
             The game lasted 01:17:27 (17305 turns).

Heini the Severer (Hill Orc Fighter)               Turns: 17305, Time: 01:17:27

HP  -5/115       AC 21     Str 24      XL: 12   Next: 91%
MP   0/15        EV  7     Int  8      God: Okawaru [*****.]
Gold 1519        SH  0     Dex 10      Spells:  0 memorised, 11 levels left

rFire  + + .     SeeInvis .     P - +1,+2 battleaxe
rCold  + . .     Clarity  .     U - +2 plate armour {rF+}
rNeg   . . .     Conserve .     (no shield)
rPois  .         rCorr    .     (no helmet)
rElec  .         rRot     .     s - +0 cloak {+Inv}
SustAb . .       Spirit   +     A - +1 pair of gloves
rMut   .         Warding  .     (no boots)
Saprov + . .     Stasis   .     V - amulet of guardian spirit
MR     .....                    v - ring of protection from fire
                                y - ring of protection from cold

@: very slightly contaminated, hasted, very quick, not resistant to hostile
enchantments, extremely unstealthy
A: saprovore 1
a: Heroism, Finesse, Renounce Religion, Evoke Invisibility


You were on level 2 of the Orcish Mines.
You worshipped Okawaru.
Okawaru was extremely pleased with you.
You were not hungry.

You visited 4 branches of the dungeon, and saw 19 of its levels.
You also visited: Ossuary.

You collected 1519 gold pieces.

Inventory:

Hand weapons
 c - a +2,+2 flail of holy wrath
 N - a cursed +2,+2 war axe
 P - a +1,+2 battleaxe (weapon)
 R - a +0,+1 vampiric war axe
Armour
 m - the -1 buckler "Smadec" {Int+4, unknown}
   (Okawaru gifted it to you on level 3 of the Lair of Beasts)

   It affects your intelligence (+4).
 s - a +0 cloak of darkness (worn)
 A - a +1 pair of gloves (worn)
 Q - a +0 plate armour
 U - a +2 plate armour of fire resistance (worn)
Magical devices
 f - a wand of paralysis (8)
 p - a wand of draining (2)
 L - a wand of fireball (5) {unknown}
 Z - a wand of flame (6)
Comestibles
 b - 3 chunks of orc flesh
 d - 4 meat rations
 h - 3 pears
 j - 2 chokos
 k - 4 bread rations
 n - 18 honeycombs
 q - 3 royal jellies
 B - an apricot
Scrolls
 e - 5 scrolls of magic mapping
 g - 3 scrolls of remove curse
 i - 2 scrolls of teleportation
 o - 4 scrolls of recharging
 D - a scroll of enchant weapon I
 O - a scroll of enchant armour
 S - a scroll of vulnerability
Jewellery
 a - a cursed ring of protection from cold
 r - an uncursed ring of protection from fire
 u - an uncursed amulet of conservation {unknown}
 v - a ring of protection from fire (right hand)
 w - the amulet of the Princeling {rMut rN+ Stlth--, unknown}
   (You found it on level 1 of the Lair of Beasts)

   [amulet of resist mutation]

   It protects you from negative energy.
   It makes you much less stealthy.
 y - a ring of protection from cold (left hand)
 V - an amulet of guardian spirit (around neck)
 X - an uncursed amulet of resist mutation
Potions
 l - 3 potions of curing
 t - a potion of invisibility
 x - a potion of flight
 z - 3 potions of agility
 F - 3 potions of resistance
 G - a potion of mutation {unknown}
 H - 2 potions of brilliance
 I - a potion of poison {unknown}
 J - 2 potions of magic
 K - a potion of restore abilities {unknown}


   Skills:
 * Level 13.1 Fighting
 * Level 17.1 Axes
 * Level 12.6 Armour
   Level 3.4 Shields
 + Level 1.5 Invocations
 + Level 1.8 Evocations


You had 11 spell levels left.
You didn't know any spells.

Dungeon Overview and Level Annotations

Branches:
Dungeon (12/15)            Temple (1/1) D:5             Orc (3/4) D:10
    Elf (0/3) Orc:3          Lair (3/8) D:11
  Swamp: Lair:3-6    Shoals: Lair:3-6     Snake: Lair:3-6    Spider: Lair:3-6

Altars:
Ashenzari
Cheibriados
Dithmenos
Elyvilon
Fedhas
Kikubaaqudgha
Makhleb
Nemelex Xobeh
Okawaru
Sif Muna
Trog
Vehumet
Xom
Yredelemnul
Zin
The Shining One

Shops:
D:5 !

Annotations:
Lair:2 Gastronok


Innate Abilities, Weirdness & Mutations

You can tolerate rotten meat.


Message History

The orc warrior is almost dead.
The orc warrior hits you with a glaive.
You hit the orc warlord but do no damage.
The orc warlord is heavily wounded.
You barely miss the orc warrior.
The orc warrior is almost dead.
The orc warlord hits you with a glowing great sword!
* * * LOW HITPOINT WARNING * * *
x2 Your plate armour prevents you from hitting the orc warrior.
The orc warrior is almost dead.
You slash the orc warlord!
The orc warlord is heavily wounded.
The orc warrior hits you with a glaive!
* * * LOW HITPOINT WARNING * * *
You slash the orc warlord!
The orc warlord is severely wounded.
You completely miss the orc warrior.
The orc warrior is almost dead.
The orc warlord hits you with a glowing great sword!
You die...

#...###...###
##....##....#
##...........#####
#.............##.##
##.......#...##...#
#...)........##..##
##..[[...........###
#[..oo.......##....##
##..<@).....####....#
####.)....## ###.##
######## ###


You could see an orc warlord and an orc warrior (frenzied).

Vanquished Creatures
  An orc warlord (Orc:2)
  An ogre mage (D:11)
  Nergalle (Lair:1)
  Joseph (D:10)
  2 orc sorcerers (Orc:3)
  2 orc knights (Orc:3)
  A hill giant (D:10)
  An elephant (D:11)
  Maurice (D:8)
  2 spiny frogs (Lair:3)
  A gargoyle (D:10)
  A feature mimic (D:10)
  2 komodo dragons
  5 two-headed ogres
  A queen bee (Lair:3)
  The ghost of hunterx7d the Insei, an average DrTm (Ossuary)
  3 blink frogs (Lair:2)
  Prince Ribbit (D:8)
  A boulder beetle (D:7)
  A trapdoor spider (D:9)
  2 hippogriffs
  Grum (D:8)
  A steam dragon (D:8)
  A wyvern (D:10)
  6 yaks
  2 wolves (D:8)
  7 necrophages (D:10)
  3 water moccasins
  2 porcupines (Lair:1)
  An ice beast (D:10)
  3 phantoms
  4 sky beasts
  A yellow wasp (D:11)
  A centaur (D:6)
  14 orc warriors
  9 ogres
  Duvessa (D:8)
  The ghost of timbw the Vexing, an average OpEn (D:5)
  5 crocodiles
  5 giant slugs
  Blork the orc (D:6)
  8 giant frogs
  25 killer bees (Lair:3)
  The ghost of Heini the Skirmisher, a weakling HOFi (D:3)
  6 scorpions
  A hippogriff zombie (D:10)
  6 wights
  A yak zombie (D:10)
  3 goliath beetles
  2 crimson imps
  The ghost of timbw the Sneak, a weakling OpEn (D:4)
  A giant frog zombie (D:11)
  Dowan (D:8)
  A giant frog skeleton (D:10)
  2 jellies (D:9)
  A centaur zombie (D:10)
  Crazy Yiuf (D:2)
  19 orc priests
  7 hounds
  21 orc wizards
  3 worker ants
  10 iguanas
  A sheep (D:11)
  A big kobold zombie (Ossuary)
  Jessica (D:3)
  A sky beast zombie (D:10)
  A hound zombie (D:5)
  A worker ant zombie (D:9)
  14 mummies
  23 adders
  9 green rats (Lair:1)
  3 giant mites
  2 shadow imps (D:5)
  5 worms
  An iguana zombie (D:10)
  6 giant geckos
  105 orcs
  3 ball pythons (D:7)
  3 gnoll zombies
  18 goblins
  14 hobgoblins
  8 jackals
  15 kobolds
  8 quokkas
  14 bats
  4 giant cockroaches
  A giant gecko zombie (D:5)
  6 giant newts
  A giant newt skeleton (D:5)
  2 giant spores
  A hobgoblin zombie (Ossuary)
  4 kobold zombies (Ossuary)
  An orc zombie (D:10)
  19 rats
  11 ballistomycetes
  A plant (Lair:1)
530 creatures vanquished.

Vanquished Creatures (others)
  A hippogriff (D:7)
  A worker ant (D:7)
  2 giant spores
4 creatures vanquished.

Grand Total: 534 creatures vanquished

Notes
Turn   | Place    | Note
--------------------------------------------------------------
     0 | D:1      | Heini, the Hill Orc Fighter, began the quest for the Orb.
     0 | D:1      | Reached XP level 1. HP: 19/19 MP: 1/1
   187 | D:1      | Reached XP level 2. HP: 20/27 MP: 2/2
   779 | D:2      | Reached skill level 4 in Fighting
   779 | D:2      | Reached XP level 3. HP: 20/33 MP: 3/3
  1488 | D:2      | Reached XP level 4. HP: 37/41 MP: 4/4
  1514 | D:2      | Noticed Crazy Yiuf
  1528 | D:2      | Killed Crazy Yiuf
  1686 | D:3      | Noticed Jessica
  1695 | D:3      | Killed Jessica
  1709 | D:3      | Reached XP level 5. HP: 40/47 MP: 5/5
  1754 | D:3      | Noticed Heini's ghost (weakling HOFi)
  1763 | D:3      | Killed Heini's ghost
  2109 | D:4      | Reached skill level 5 in Armour
  2171 | D:4      | Reached skill level 5 in Fighting
  2171 | D:4      | Reached skill level 5 in Axes
  2171 | D:4      | Reached XP level 6. HP: 17/56 MP: 6/6
  2239 | D:4      | Noticed timbw's ghost (weakling OpEn)
  2240 | D:4      | Killed timbw's ghost
  2601 | D:4      | Noticed an ogre
  2610 | D:4      | Killed an ogre
  2610 | D:4      | Reached skill level 6 in Axes
  2610 | D:4      | Reached XP level 7. HP: 38/61 MP: 7/7
  2990 | D:4      | Reached skill level 7 in Axes
  3471 | D:5      | Entered Level 5 of the Dungeon
  3545 | D:5      | Found Jeolal's Distillery.
  3623 | D:5      | Noticed timbw's ghost (average OpEn)
  3635 | D:5      | Killed timbw's ghost
  3769 | D:5      | Reached XP level 8. HP: 58/70 MP: 8/8
  3985 | D:5      | Found a staircase to the Ecumenical Temple.
  3998 | Temple   | Entered the Ecumenical Temple
  4007 | Temple   | Became a worshipper of Warmaster Okawaru
  4576 | D:6      | Reached skill level 8 in Axes
  4680 | D:6      | Found a sand-covered staircase.
  4695 | Ossuary  | Entered an ossuary
  4695 | Ossuary  | Noticed hunterx7d's ghost (average DrTm)
  4735 | Ossuary  | Killed hunterx7d's ghost
  5433 | D:6      | Reached skill level 9 in Axes
  5477 | D:6      | Found a glowing golden altar of the Shining One.
  5670 | D:6      | Noticed Blork the orc
  5680 | D:6      | Killed Blork the orc
  5680 | D:6      | Acquired Okawaru's first power
  5680 | D:6      | Reached XP level 9. HP: 60/79 MP: 9/9
  5897 | D:7      | Reached skill level 10 in Axes
  6154 | D:7      | HP: 1/81 [boulder beetle (36)]
  6552 | D:8      | Noticed Prince Ribbit
  6558 | D:8      | Killed Prince Ribbit
  6583 | D:8      | Noticed Grum
  6600 | D:8      | Killed Grum
  6776 | D:8      | Reached skill level 11 in Axes
  6844 | D:8      | Noticed Maurice
  6859 | D:8      | Killed Maurice
  6859 | D:8      | Reached XP level 10. HP: 82/91 MP: 9/11
  7160 | D:8      | Found a glowing silver altar of Zin.
  7168 | D:8      | Noticed Duvessa
  7169 | D:8      | Noticed Dowan
  7171 | D:8      | Found an ancient bone altar of Kikubaaqudgha.
  7179 | D:8      | Killed Dowan
  7188 | D:8      | Killed Duvessa
  7399 | D:8      | Reached skill level 12 in Axes
  8435 | D:9      | Found a shattered altar of Ashenzari.
  8473 | D:9      | Reached skill level 1 in Evocations
  8520 | D:9      | Reached skill level 10 in Armour
  8833 | D:9      | Reached skill level 10 in Fighting
  8901 | D:10     | Entered Level 10 of the Dungeon
  8928 | D:10     | Noticed a hill giant
  8942 | D:10     | Killed a hill giant
  9283 | D:10     | Reached skill level 13 in Axes
  9347 | D:10     | Noticed Joseph
  9364 | D:10     | Killed Joseph
  9364 | D:10     | Reached XP level 11. HP: 58/101 MP: 5/14
  9553 | D:10     | Acquired Okawaru's second power
  9878 | D:10     | Reached skill level 14 in Axes
  9879 | D:10     | Found a staircase to the Orcish Mines.
 10233 | D:11     | Noticed an ogre mage
 10356 | Orc:1    | Entered Level 1 of the Orcish Mines
 11049 | D:11     | Found a staircase to the Lair.
 11105 | D:11     | Killed an ogre mage
 11110 | D:11     | Received a gift from Okawaru
 11213 | Lair:1   | Entered Level 1 of the Lair of Beasts
 11589 | Lair:1   | Reached skill level 15 in Axes
 11591 | Lair:1   | Got a transparent garnet amulet
 11756 | Lair:1   | Noticed Nergalle
 11767 | Lair:1   | Killed Nergalle
 12287 | Lair:2   | Reached XP level 12. HP: 99/112 MP: 13/15
 12548 | Lair:2   | Identified a scroll of acquirement
 12910 | Lair:2   | Noticed Gastronok
 13231 | Orc:3    | Found a staircase to the Elven Halls.
 14187 | Orc:3    | Reached skill level 16 in Axes
 14211 | Orc:3    | Noticed an orc warlord
 14649 | D:12     | Noticed a four-headed hydra
 15194 | Lair:3   | Received a gift from Okawaru
 15289 | Lair:3   | Got a faintly humming buckler {god gift}
 15875 | Lair:3   | Found a bloodstained altar of Trog.
 16487 | Lair:3   | Noticed a six-headed hydra
 16686 | Orc:2    | Killed an orc warlord
 16780 | Orc:3    | Reached skill level 1 in Invocations
 16782 | Orc:3    | Reached skill level 17 in Axes
 16836 | Orc:3    | Noticed an orc warlord
 16862 | Orc:3    | HP: 4/115 [orc warrior/glaive[an orc warlord] (17)]
 16878 | Orc:3    | HP: 1/115 [orc warrior/glaive[an orc warlord] (7)]
 17304 | Orc:2    | HP: 4/115 [orc warrior/glaive (23)]
 17305 | Orc:2    | Slain by an orc warlord

Action                   |  1- 3 |  4- 6 |  7- 9 | 10-12 || total
-------------------------+-------+-------+-------+-------++-------
Melee: War axe           |   102 |   134 |   425 |       ||   661
       Battleaxe         |       |       |    15 |  1036 ||  1051
Invok: Heroism           |       |       |       |     7 ||     7
Evoke: Wand              |       |       |     3 |    19 ||    22
  Use: Scroll            |     5 |     3 |    16 |    13 ||    37
       Potion            |       |     1 |     6 |    20 ||    27
 Stab: Invisible         |       |       |       |     3 ||     3
